 Dungeon Crawl Stone Soup version 0.32-a0-886-g41c5271027 (webtiles) character file.

Game seed: 11256925062835249520

19 KennySheep the Trooper (level 2, -2/24 HPs)
             Began as a Formicid Cinder Acolyte on Apr 3, 2024.
             Was a High Priest of Ignis.
             Slain by a gnoll
             ... wielding a +0 flail
              (8 damage)
             ... on level 2 of the Dungeon.
             The game lasted 00:01:29 (620 turns).

KennySheep the Trooper (Formicid Cinder Acolyte)     Turns: 620, Time: 00:01:30

Health: -2/24      AC:  2    Str: 18    XL:     2   Next: 95%
Magic:  3/3        EV:  9    Int: 13    God:    Ignis [*****.]
Gold:   59         SH:  3    Dex:  9    Spells: 3/3 levels left

rFire   + . .        a - -1 mace (flame)
rCold   . . .        c - +0 buckler
rNeg    . . .        b - +0 robe
rPois   .            (helmet unavailable)
rElec   .            (no cloak)
rCorr   .            (no gloves)
SInv    +            (no boots)
Will    .....        (no amulet)
Stlth   +            (no ring)
HPRegen 0.24/turn    (no ring)
MPRegen 0.08/turn

%: no passive effects
@: no status effects
A: permanent stasis, dig shafts and tunnels, antennae 3, four strong arms
a: Dig, Shaft Self, Renounce Religion, Fiery Armour, Foxfire Swarm, Rising Flame


You were on level 2 of the Dungeon.
You worshipped Ignis.
Ignis was extremely pleased with you.
You visited 1 branch of the dungeon, and saw 2 of its levels.

You collected 59 gold pieces.

Inventory:

Hand Weapons
 a - a -1 mace of flaming (weapon)
Armour
 b - a +0 robe (worn)
 c - a +0 buckler (worn)
Scrolls
 f - a scroll of revelation {unknown}
Potions
 d - a potion of curing {unknown}
 e - a potion of haste {unknown}


   Skills:
 + Level 3.5 Fighting
 * Level 3.5 Maces & Flails
 + Level 1.2 Shields
 - Level 1.1 Spellcasting
 - Level 3.0 Fire Magic


You had 3 spell levels left.
You didn't know any spells.
Your spell library contained the following spells:

 Spells                   Type           Power      Damage    Failure   Level
 Scorch                   Fire           16%        2d5       16%         2


Dungeon Overview and Level Annotations

Branches:
Dungeon (2/15)

Altars:


Innate Abilities, Weirdness & Mutations

You cannot be hasted, slowed, berserked, paralysed or teleported.
You can dig through walls and to a lower floor.
You have a pair of large antennae on your head. (SInv)
Your four strong arms can wield two-handed weapons with a shield.


Message History

You sense a monster nearby.
You see here a quokka corpse.
You see here a +0 sling.
An endoplasm comes into view.
The endoplasm quivers.
An endoplasm is nearby!
An endoplasm is nearby!
Found a club.
You hit the endoplasm. You burn the endoplasm.
You kill the endoplasm!
No target in view!
Done exploring.
Done exploring.
Done exploring.
Done exploring.
There is a stone staircase leading down here.
You climb downwards.
There is a stone staircase leading up here.
You sense a monster nearby. 2 gnolls come into view.
The gnoll shouts!
You hear a shout!
A gnoll comes into view. It is wielding a +0 flail.
There are monsters nearby!
The gnoll shouts! x2
A gnoll comes into view. It is wielding a +0 club.
You block the gnoll's attack.
Unknown command.
You sock the gnoll! You burn the gnoll.
The gnoll is severely wounded.
The gnoll hits you with a +0 flail!
You closely miss the gnoll.
The gnoll is severely wounded.
The gnoll hits you with a +0 flail.
You closely miss the gnoll.
The gnoll is severely wounded.
The gnoll hits you with a +0 flail!
* * * LOW HITPOINT WARNING * * *
The gnoll attacks as it pursues you! The gnoll hits you with a +0 flail!
You die...
Ignis goes out, and joins you in death.

######.#
#..<...#
#.###### #@###
#g#.#
#.##.#.######.
#...g#{.......
#####.{.....#
#..####.# #..#
, #..# ....


You could see 2 gnolls.

Vanquished Creatures
  A ball python (D:1)
  3 endoplasms (D:1)
  2 giant cockroaches (D:1)
  A goblin (D:1)
  2 hobgoblins (D:1)
  A quokka (D:1)
  2 bats (D:1)
  2 frilled lizards (D:1)
  2 kobolds (D:1)
  2 rats (D:1)
18 creatures vanquished.

Notes
Turn   | Place    | Note
-------+----------+-------------------------------------------
     0 | D:1      | KennySheep the Formicid Cinder Acolyte began the quest for
                  | the Orb.
     0 | D:1      | Reached XP level 1. HP: 18/18 MP: 2/2
   157 | D:1      | Reached XP level 2. HP: 24/24 MP: 3/3
   239 | D:1      | Reached skill level 1 in Shields
   620 | D:2      | Slain by a gnoll

Illustrated notes

Levels and vault maps discovered:
D:1:      wander_arrival_desolate, layout_rooms, serial_forest,
          infiniplex_forest_lined_2, infiniplex_forest_join,
          infiniplex_forest_straight_4, infiniplex_forest_clump_large,
          infiniplex_forest_clump_medium, infiniplex_forest_clump_long,
          infiniplex_forest_lined_3, infiniplex_forest_lined_room_2
D:2:      layout_basic, basic_altar, uniq_jessica

Skill      XL: |  1  2 |
---------------+-------+-----
Shields        | 1 |  1.2
Fighting       | |  3.5
Maces & Flails | |  3.5
Spellcasting   | |  1.1
Fire Magic     | |  3.0

Action                     || total
---------------------------++-------
  Melee: Mace              ||    72
 Armour: Robe              ||    48
  Dodge: Dodged            ||    46
  Block: Buckler           ||    10

Table legend: (Time is in decaauts)
 A = Elapsed time spent in this place.
 B = Non-inter-level travel time spent in this place.
 C = Inter-level travel time spent in this place.
 D = Time resting spent in this place.
 E = Time spent auto-exploring this place.
 F = Levels seen in this place.
 G = Mean time per level.
                   A        B        C        D        E       F      G
               +--------+--------+--------+--------+--------+-----+--------+
         Total |    639 |    637 |      2 |     63 |    385 |   2 |  319.5 |
       Dungeon |    639 |    637 |      2 |     63 |    385 |   2 |  319.5 |
               +--------+--------+--------+--------+--------+-----+--------+

Top non-repeatable levels by time:
     D:1: 619 daAuts
     D:2: 19 daAuts
